 Dungeon Crawl Stone Soup version 0.30-a0-368-g86fb4627a9 (webtiles) character file.

Game seed: 10618243745785953164

469688 holysushi the Acrobat (level 24, 0/117 (133) HPs)
             Began as a Vine Stalker Monk on Nov 19, 2022.
             Was the Champion of Ru.
             Slain by a profane servitor
             ... wielding a +1 whip of distortion
              (3 damage)
             ... on level 3 of the Crypt.
             The game lasted 02:07:10 (60492 turns).

holysushi the Acrobat (Vine Stalker Monk)          Turns: 60492, Time: 02:07:11

HP:   0/117 (133)   AC: 12    Str: 23    XL:     24   Next: 32%
MP:   0/40          EV: 39    Int:  2    God:    Ru [******]
Gold: 4345          SH:  0    Dex: 31    Spells: 40/47 levels left

rFire   . . .      SeeInvis +    W - +10 dagger (chaos)
rCold   + . .      Faith    .    (shield unavailable)
rNeg    + + +      Spirit   +    Z - +1 robe of Weirdness {rF+ rC+++ Regen+ Int-3}
rPois   +          Reflect  .    V - +2 hat of the Flute {rPois rC- rCorr Str+9}
rElec   .          Harm     .    U - +0 cloak {Stlth+}
rCorr   +          Rampage  .    r - +0 pair of gloves
Will    +++..                    H - +2 pair of boots {Fly}
Stlth   +++++++++.               R - amulet "Votuzeamm" {Acrobat rN+++ Str-4 Int-3 SInv}
HPRegen 1.99/turn                (ring unavailable)
MPRegen 0.27/turn                u - +6 ring of dexterity

@: exhausted, flying, wreathed by umbra, heavily drained
A: fangs 3, regeneration 1, magic shield, antimagic bite, no potion heal 2,
missing a hand, inability to use devices, temperature sensitive, iridescent
scales 1, dopey 1
}: 3/15 runes: barnacled, silver, gossamer
a: Renounce Religion, Draw Out Power, Power Leap, Apocalypse


You were on level 3 of the Crypt.
You worshipped Ru.
Ru was exalted by your worship.
You visited 10 branches of the dungeon, and saw 44 of its levels.
You visited 1 bazaar.
You also visited: Sewer.

You collected 6473 gold pieces.
You spent 2128 gold pieces at shops.

Inventory:

Hand Weapons
 s - a +1 quick blade of venom
 W - a +10 dagger of chaos (weapon)
 X - a +7 rapier of draining
Missiles
 a - 8 throwing nets
 b - 8 silver javelins
 E - 16 javelins
 L - 42 boomerangs (quivered)
Armour
 r - a +0 pair of gloves (worn)
 H - a +2 pair of boots of flying (worn)
 T - the +4 ring mail of Stoicism {Dex+7}
   (You bought it in a shop on level 2 of the Orcish Mines)

   Dex:       It affects your dexterity (+7).
 U - a +0 cloak of stealth (worn)
 V - the +2 hat of the Flute (worn) {rPois rC- rCorr Str+9}
   (You found it on level 4 of the Spider Nest)

   Str:       It affects your strength (+9).
   rC:        It makes you vulnerable to cold.
   rPois:     It protects you from poison.
   rCorr:     It protects you from acid and corrosion.
 Z - the +1 robe of Weirdness (worn) {rF+ rC+++ Regen+ Int-3}
   (You took it off a deep elf annihilator on level 3 of the Elven Halls)

   Int:       It affects your intelligence (-3).
   rF:        It protects you from fire.
   rC:        It renders you almost immune to cold.
   Regen:     It increases your rate of health regeneration.
Jewellery
 l - a ring of protection from cold
 p - the ring "Uduixt" {Ice rElec Str+5 Dex-2 Stlth+}
   (You took it off Josephina on level 2 of the Crypt)

   [ring of ice]

   It enhances your ice magic.
   Str:       It affects your strength (+5).
   Dex:       It affects your dexterity (-2).
   rF:        It makes you vulnerable to fire.
   rC:        It protects you from cold.
   rElec:     It insulates you from electricity.
   Stlth:     It makes you more stealthy.
 u - a +6 ring of dexterity (right hand)
 B - a ring of protection from fire
 P - a ring of see invisible
 R - the amulet "Votuzeamm" (around neck) {Acrobat rN+++ Str-4 Int-3 SInv}
   (You found it on level 5 of the Vaults)

   [amulet of the acrobat]

   It increases your evasion while moving and waiting.
   Str:       It affects your strength (-4).
   Int:       It affects your intelligence (-3).
   rN:        It renders you almost immune to negative energy.
   SInv:      It lets you see invisible.
Scrolls
 d - 12 scrolls of magic mapping
 e - 8 scrolls of vulnerability
 g - 3 scrolls of torment
 i - 5 scrolls of fear
 q - 6 scrolls of poison
 x - 13 scrolls of teleportation
 y - 5 scrolls of immolation
 A - 4 scrolls of enchant armour
 D - 3 scrolls of amnesia
 K - 10 scrolls of fog
 Q - 2 scrolls of silence
Potions
 c - 13 potions of ambrosia
 f - 23 potions of curing
 j - 3 potions of might
 k - 7 potions of mutation
 n - 11 potions of brilliance
 o - 4 potions of attraction
 t - 4 potions of cancellation
 v - 8 potions of resistance
 w - 4 potions of berserk rage
 z - 12 potions of flight
 C - 10 potions of lignification
 G - 3 potions of invisibility
 I - 6 potions of haste
 J - 7 potions of magic


   Skills:
 + Level 16.2 Fighting
 - Level 11.5 Short Blades
 - Level 16.0 Throwing
 - Level 3.0 Armour
 - Level 22.4 Dodging
 - Level 19.0 Stealth
 + Level 12.2 Spellcasting
 - Level 10.0 Poison Magic


You had 40 spell levels left.
You knew the following spells:

 Your Spells              Type           Power      Damage    Failure   Level
a - Olgreb's Toxic Radia  Pois           5%         N/A       3%          4
b - Ignite Poison         Fire/Tmut/Pois 2%         N/A       14%         3

Your spell library contained the following spells:

 Spells                   Type           Power      Damage    Failure   Level
 Sting                    Tmut/Pois      12%        1d3       2%          1
 Poisonous Vapours        Pois/Air       6%         N/A       3%          2
 Spider Form              Tmut/Pois      3%         N/A       8%          3
 Mephitic Cloud           Conj/Pois/Air  2%         N/A       14%         3
 Apportation              Tloc           2%         N/A       19%         1
 Foxfire                  Conj/Fire      4%         2x1d4     19%         1
 Magic Dart               Conj           4%         1d3       19%         1
 Sandblast                Erth           2%         2d4       19%         1
 Summon Small Mammal      Summ           4%         N/A       19%         1
 Blink                    Tloc           2%         N/A       28%         2
 Call Imp                 Summ           1%         N/A       28%         2
 Ensorcelled Hibernation  Hex/Ice        2%         N/A       28%         2
 Momentum Strike          Conj/Tloc      2%         3d8       28%         2
 Passwall                 Tmut/Erth      0%         N/A       28%         2
 Searing Ray              Conj           2%         2d4       28%         2
 Static Discharge         Conj/Air       2%         2-3/arc   28%         2
 Call Canine Familiar     Summ           1%         N/A       50%         3
 Dazzling Flash           Conj/Hex       2%         N/A       50%         3
 Gell's Gravitas          Tloc           1%         N/A       50%         3
 Inner Flame              Hex/Fire       1%         N/A       50%         3
 Kindle Blastsparks       Fire/Tloc/Air  2%         2d10      50%         3
 Lesser Beckoning         Tloc           2%         N/A       50%         3
 Ozocubu's Armour         Ice            1%         N/A       50%         3
 Portal Projectile        Hex/Tloc       2%         N/A       50%         3
 Stone Arrow              Conj/Erth      2%         3d7       50%         3
 Summon Guardian Golem    Hex/Summ       1%         N/A       50%         3
 Tukima's Dance           Hex            1%         N/A       50%         3
 Alistair's Intoxication  Tmut/Pois      2%         N/A       56%         5
 Anguish                  Hex/Necr       0%         N/A       88%         4
 Animate Armour           Summ/Erth      2%         N/A       88%         4
 Cause Fear               Hex            0%         N/A       88%         4
 Fulminant Prism          Conj/Hex       0%         3d5       88%         4
 Iskenderun's Mystic Bla  Conj/Tloc      1%         2d3       88%         4
 Leda's Liquefaction      Hex/Erth       0%         N/A       88%         4
 Passage of Golubria      Tloc           1%         N/A       88%         4
 Summon Ice Beast         Ice/Summ       1%         N/A       88%         4
 Eringya's Noxious Bog    Tmut/Pois      1%         N/A       98%         6
 Agony                    Necr           1%         N/A       99%         5
 Blade Hands              Tmut           0%         N/A       99%         5
 Fireball                 Conj/Fire      0%         3d3       99%         5
 Freezing Cloud           Conj/Ice/Air   0%         6-21      99%         5
 Irradiate                Conj/Tmut      0%         3d11      99%         5
 Iskenderun's Battlesphe  Conj           1%         2d6       99%         5
 Lee's Rapid Deconstruct  Erth           0%         3d4*      99%         5
 Silence                  Hex/Air        0%         N/A       99%         5
 Yara's Violent Unravell  Hex/Tmut       0%         3d3       99%         5
 Conjure Ball Lightning   Conj/Air       0%         3x3d6     100%        6
 Dispersal                Tloc           0%         N/A       100%        6
 Iron Shot                Conj/Erth      0%         9d1       100%        6
 Starburst                Conj/Fire      0%         6d3       100%        6
 Statue Form              Tmut/Erth      0%         N/A       100%        6
 Dragon Form              Tmut           0%         N/A       100%        7
 Enfeeble                 Hex            0%         N/A       100%        7
 Orb of Destruction       Conj           0%         9d5       100%        7
 Ozocubu's Refrigeration  Ice            0%         4d7       100%        7
 Spellforged Servitor     Conj/Summ      0%         N/A       100%        7
 Borgnjor's Revivificati  Necr           0%         N/A       100%        8
 Discord                  Hex            0%         N/A       100%        8
 Lehudib's Crystal Spear  Conj/Erth      0%         10d2      100%        8
 Necromutation            Tmut/Necr      0%         N/A       100%        8
 Death's Door             Necr           0%         N/A       100%        9
 Dragon's Call            Summ           0%         N/A       100%        9


Dungeon Overview and Level Annotations

Branches:
Dungeon (15/15) Zot: 25554  Temple (1/1) D:5 Zot: 5607    Lair (5/5) D:11 Zot: 23233
 Shoals (4/4) Lair:2 Zot: 20087  Spider (4/4) Lair:2 Zot: 18236   Slime (0/5) Lair:5
    Orc (2/2) D:10 Zot: 10468     Elf (3/3) Orc:2 Zot: 11621  Vaults (5/5) D:14 Zot: 20971
  Crypt (3/3) Vaults:3 Zot: 13487  Depths (2/4) D:15 Zot: 10589   Sewer (visited)
   Tomb: Crypt:3

Altars:
Ashenzari
Cheibriados
Dithmenos
Elyvilon
Fedhas
Gozag
Hepliaklqana
Kikubaaqudgha
Makhleb
Nemelex Xobeh
Okawaru
Qazlal
Ru
Sif Muna
Trog
Uskayaw
Vehumet
Wu Jian
Xom
Yredelemnul
Zin
The Shining One
Jiyva
Lugonu

Shops:
D:1 (   D:2 =   D:4 !   D:5 **   D:10 !:   Orc:2 ([!*   Elf:1 [:(*   Elf:2 =!
Elf:3 (   Vaults:2 [

Portals:
Hell: Depths:1
Abyss: Lair:5
Pandemonium: Depths:2

Annotations:
Shoals:2 Roxanne
Orc:1 3 runed translucent doors, Seafoe's ghost, journeyman MiBe
Elf:2 3 runed translucent doors


Innate Abilities, Weirdness & Mutations

You have razor-sharp teeth.
Your natural rate of healing is unusually fast.
When hurt, damage is shared between your health and your magic reserves.
Your bite disrupts and absorbs the magic of your enemies.
Potions cannot restore your health.
You are missing a hand.
You cannot study or use magical devices.
You are sensitive to extremes of temperature. (rF-, rC-)
You are partially covered in iridescent scales. (AC +2)
You are dopey. (Int -2)


Message History

You hear a shout!
The profane servitor hits you with a +1 whip of distortion!!
Space warps horribly around you!!
* * * LOW HITPOINT WARNING * * *
The profane servitor hits you but does no damage.
Space warps horribly around you!
* * * LOW HITPOINT WARNING * * *
The profane servitor hits you with a +1 whip of distortion.
* * * LOW HITPOINT WARNING * * *
The profane servitor hits you with a +1 whip of distortion.
* * * LOW HITPOINT WARNING * * *
The centaur warrior simulacrum completely misses you.
The centaur warrior simulacrum barely misses you.
The profane servitor hits you with a +1 whip of distortion!
* * * LOW HITPOINT WARNING * * *
You blink.
Found 3 stones.
The hell knight begins to pray, but is stunned by your conviction!
The flying skull completely misses you.
As you read the scroll of fear, it crumbles to dust.
You assume a fearsome visage.
The hell knight looks frightened!
The nagaraja zombie is unaffected.
The centaur warrior simulacrum is unaffected.
The profane servitor is unaffected.
The necrophage is unaffected.
The flying skull is unaffected.
The flying skull is stunned by your conviction and fails to attack.
A bone dragon comes into view.
The hell knight prays to its god.
The hell knight blinks!
As you read the scroll of summoning, it crumbles to dust.
Wisps of shadow whirl around you...
The profane servitor completely misses you.
The profane servitor misses you. The flying skull barely misses you.
The hell knight begins to pray, but is stunned by your conviction!
The flying skull misses you.
The profane servitor hits you with a +1 whip of distortion.
* * * LOW HITPOINT WARNING * * *
Space warps horribly around you!
* * * LOW HITPOINT WARNING * * *
The profane servitor hits you with a +1 whip of distortion.
You die...

#...(......
+...Z.⌠....
#......... ..8...8.
## ...... ####
...###''p###....
...D./..pz.'....
#..W.@W.#
##...ZAn.##
#...z..W..# .
##......†### .8
#.'#.....#'.#####...
...
#######....#.....
z...... #..........
....... #..........
...⌠..z #...⌠.....#
#


You could see a bone dragon, a profane servitor (fast), a hell knight (fast,
fleeing, ally target), a necrophage, a flying skull, a centaur warrior
simulacrum (ally target), a nagaraja zombie (wandering), a friendly revenant
(summoned), a friendly death knight (summoned), a friendly eidolon (summoned), a
friendly flayed ghost (summoned, wandering) and a friendly wraith (summoned,
wandering).

Vanquished Creatures
  Khufu (Crypt:2)
  A dread lich (Vaults:5)
  A juggernaut (D:15)
  2 royal mummies (Crypt:2)
  Josephina (Crypt:2)
  Frederick (Crypt:2)
  A caustic shrike (Depths:1)
  Nikola (Shoals:3)
  A golden dragon (Vaults:5)
  Arachne (Spider:4)
  Rupert (D:14)
  A quicksilver dragon (Depths:1)
  2 tentacled monstrosities
  A shard shrike skeleton (Crypt:2)
  A deep elf master archer (Elf:3)
  Zenata (Crypt:3)
  A lich (Depths:1)
  Asterion (Vaults:2)
  2 deep elf blademasters (Elf:3)
  3 titans
  Polyphemus (Shoals:3)
  11 sphinxes
  2 krakens (Shoals:3)
  The ghost of Xeridop the Warrior, an adept HOCK of Xom (Elf:2)
  3 ancient champions
  A storm dragon (Vaults:5)
  Ilsuiw (Shoals:2)
  2 tengu reavers
  2 shadow dragons
  Donald (Shoals:2)
  2 fire giants
  18 vault wardens
  6 deep elf sorcerers
  An iron dragon (Vaults:5)
  3 emperor scorpions
  3 frost giants (Depths:1)
  Louise (D:14)
  4 ghost moths
  2 orc warlords (Vaults:3)
  A juggernaut zombie (Crypt:2)
  A curse skull (Crypt:2)
  4 broodmothers
  A war gargoyle (Vaults:3)
  2 deep elf elementalists
  6 very ugly things
  5 ghouls
  17 ironbound preservers
  A broodmother (shapeshifter) (Vaults:4)
  7 ironbound thunderhulks
  5 stone giants
  6 vampire knights
  3 deep elf annihilators (Elf:3)
  8 deep elf demonologists (Elf:3)
  A dire elephant (Vaults:2)
  A minotaur (Lair:2)
  6 spark wasps
  The ghost of Jackthecabe the Destroyer, a journeyman TeAE of Vehumet (Lair:2)
  6 eidola
  14 jiangshi
  8 deep elf death magi
  4 ettins
  3 crystal guardians
  8 deep elf high priests (Elf:3)
  6 merfolk impalers
  7 great orbs of eyes
  9 yaktaur captains
  4 merfolk javelineers (Shoals:4)
  10 entropy weavers
  2 fire dragons
  3 spriggan zombies
  Harold (D:10)
  3 peacekeepers
  10 hydras
  31 vault guards
  A quicksilver dragon skeleton (Crypt:1)
  4 ironbound frosthearts
  A spriggan skeleton (Crypt:2)
  2 merfolk avatars (Shoals:2)
  A rakshasa (Depths:1)
  2 spriggan air magi
  3 jorogumos
  4 catoblepae
  4 ice dragons
  Erica (D:9)
  10 boulder beetles
  10 centaur warriors
  A fenstrider witch skeleton (Crypt:2)
  7 merfolk aquamancers
  6 radroaches
  A two-headed ogre (shapeshifter) (Vaults:2)
  12 death yaks
  A satyr (Shoals:4)
  6 two-headed ogres
  2 deep troll earth magi
  3 death knights
  A satyr (shapeshifter) (Vaults:4)
  5 orc high priests
  5 tengu warriors
  2 deep troll shamans (Depths:1)
  2 thrashing horrors (Lair:5)
  2 vampire magi
  15 dancing weapons
  A spriggan berserker (Depths:1)
  Nergalle (D:11)
  8 hell knights
  A shock serpent (shapeshifter) (Vaults:3)
  9 deep elf knights
  A soul eater (Crypt:2)
  An iron troll (Depths:1)
  8 pharaoh ants
  A glowing orange brain (Vaults:2)
  A bog body (Crypt:1)
  34 skeletal warriors
  11 sea snakes
  2 shadow wraiths
  35 deep trolls
  A deep troll (shapeshifter) (Vaults:3)
  13 orb spiders
  2 flayed ghosts
  11 steelbarb worms
  6 wizards
  An orb spider (shapeshifter) (Vaults:5)
  21 ironbound convokers
  13 deep elf pyromancers
  9 necromancers
  An anaconda skeleton (Crypt:1)
  16 deep elf zephyrmancers
  8 lindwurms
  6 deep elf archers
  9 phantasmal warriors
  11 harpies
  4 orc sorcerers
  8 orc knights
  30 ugly things
  A shining eye (shapeshifter) (D:9)
  8 fauns
  A shadow dragon skeleton (Crypt:2)
  A tengu skeleton (Vaults:4)
  A cyclops (shapeshifter) (Vaults:5)
  15 manticores
  23 wolf spiders
  3 moths of wrath
  10 cyclopes
  8 elephants
  A centaur zombie (Crypt:2)
  6 black mambas
  An eleionoma skeleton (Crypt:2)
  2 stone giant skeletons
  18 vault sentinels
  A naga zombie (Crypt:1)
  Maurice (D:10)
  13 torpor snails
  11 merfolk sirens
  3 gargoyles
  5 water nymphs
  3 smoke demons (Lair:5)
  Maggie (D:6)
  7 freezing wraiths
  11 cane toads
  2 cane toads (shapeshifter)
  17 demonic crawlers
  A kobold demonologist (D:9)
  7 komodo dragons
  34 yaktaurs
  2 alligator snapping turtle skeletons (Crypt:1)
  A minotaur zombie (Crypt:1)
  A yaktaur (shapeshifter) (Vaults:3)
  An unseen horror (D:10)
  5 rime drakes
  2 tengu conjurers (D:15)
  An anaconda simulacrum (Crypt:3)
  An efreet (D:13)
  2 harpy zombies (Crypt:1)
  22 merfolk
  6 trolls
  An ancient zyme (Lair:5)
  8 meliai
  A queen bee (D:12)
  A merfolk (shapeshifter) (D:15)
  7 wind drakes
  A polar bear (shapeshifter) (Vaults:4)
  A hornet (Vaults:5)
  A wolf spider simulacrum (D:15)
  21 tarantellas
  A tarantella zombie (Crypt:2)
  16 blink frogs
  A hydra skeleton (Crypt:2)
  38 slime creatures
  An ettin zombie (Crypt:2)
  7 snapping turtles
  4 harpy skeletons
  Sigmund (D:5)
  An ice dragon skeleton (Crypt:1)
  28 jumping spiders
  A jumping spider (shapeshifter) (D:14)
  6 dream sheep
  2 shadows
  2 air elementals
  56 flying skulls
  A spriggan (shapeshifter) (Vaults:3)
  3 vampires
  A wyvern (shapeshifter) (Vaults:4)
  30 culicivoras
  A spriggan (Lair:5)
  14 water elementals
  2 ynoxinuls (Lair:5)
  2 wraiths
  A yak (shapeshifter) (Vaults:1)
  6 wyverns
  5 fire elementals
  16 humans (D:14)
  20 yaks
  4 basilisks
  65 redbacks
  5 vampire mosquitoes
  2 elf zombies
  A chaos spawn (Lair:5)
  A steam dragon (D:8)
  Menkaure (D:4)
  An acid dragon (D:14)
  Edmund (D:6)
  2 wargs (D:11)
  2 large abominations (Lair:5)
  A floating eye (Depths:1)
  11 water moccasins
  2 black bears (Lair:1)
  25 orc warriors
  A sky beast (D:8)
  A swamp dragon zombie (Crypt:1)
  An ice dragon simulacrum (Crypt:2)
  2 ice beasts
  7 centaurs
  A manticore zombie (Crypt:1)
  4 ogres
  13 wolves (Lair:2)
  3 boggarts
  13 small abominations (Lair:5)
  A phantom (D:6)
  4 kobold brigands
  15 bullfrogs
  A gnoll sergeant (D:12)
  3 scorpions
  A cyclops zombie (Crypt:2)
  9 necrophages
  An earth elemental (Elf:1)
  16 wights
  A cyclops skeleton (Crypt:2)
  24 killer bees
  2 electric eels (Spider:3)
  3 howler monkeys
  5 hounds
  4 jellies
  29 orc priests
  Crazy Yiuf (D:4)
  A centaur skeleton (Crypt:1)
  A gnoll bouda (D:9)
  3 iguanas (D:5)
  Natasha (thrice) (D:4)
  22 orc wizards
  A killer bee zombie (Crypt:1)
  A deep dwarf skeleton (Crypt:2)
  A mummy (Crypt:2)
  Robin (D:4)
  12 gnolls
  15 adders
  A howler monkey skeleton (Crypt:1)
  8 river rats (Sewer)
  4 shadow imps (D:4)
  3 ufetubi
  4 dart slugs
  44 orcs
  A bat zombie (Crypt:2)
  9 endoplasms
  7 giant cockroaches
  9 goblins
  10 hobgoblins
  21 kobolds
  2 quokkas
  3 training dummies (Elf:3)
  18 ball pythons
  4 bats
  8 frilled lizards
  A jackal skeleton (Crypt:1)
  37 rats
  2 tentacles (Shoals:3)
1809 creatures vanquished.

Vanquished Creatures (collateral kills)
  A lich (Crypt:2)
  A frost giant (Vaults:5)
  A stone giant (Vaults:5)
  A vault guard (Vaults:3)
  A deep troll earth mage (Vaults:5)
  A harpy (Shoals:4)
  An ironbound convoker (Vaults:3)
  A manticore (Shoals:4)
  A vault sentinel (Vaults:3)
  2 yaktaurs
  A tarantella (Spider:4)
  A water elemental (Shoals:1)
13 creatures vanquished.

Vanquished Creatures (others)
  A broodmother (Spider:4)
  An ironbound preserver (Vaults:1)
  A merfolk javelineer (Shoals:4)
  A jiangshi (Crypt:3)
  A deep elf high priest (Elf:3)
  An ironbound frostheart (Vaults:3)
  A caustic shrike simulacrum (Crypt:2)
  A death yak (Shoals:3)
  A centaur warrior (Vaults:1)
  3 skeletal warriors
  4 deep trolls
  A deep elf zephyrmancer (Elf:1)
  2 human zombies
  A torpor snail (Spider:2)
  A yaktaur (Vaults:3)
  A storm dragon simulacrum (Crypt:2)
  An efreet (D:15)
  A sea snake zombie (Shoals:1)
  A golden dragon simulacrum (Crypt:2)
  A harpy zombie (Crypt:2)
  A tarantella (Spider:2)
  2 great orb of eyes zombies (Vaults:3)
  5 flying skulls (Crypt:3)
  2 culicivoras
  A jumping spider (Spider:4)
  3 yaks (D:11)
  A redback (Spider:2)
  A harpy simulacrum (Crypt:2)
  An orc warrior (Orc:2)
  2 ogres (Orc:1)
  A wolf (Lair:2)
  A boggart (Vaults:3)
  An orc wizard (Orc:2)
  An orc (D:10)
  A demonic plant (D:4)
  11 fungi
  89 plants
  11 tentacles (Shoals:3)
161 creatures vanquished.

Grand Total: 1983 creatures vanquished

Notes
Turn   | Place    | Note
-------+----------+-------------------------------------------
     0 | D:1      | holysushi the Vine Stalker Monk began the quest for the
                  | Orb.
     0 | D:1      | Reached XP level 1. HP: 11/11 MP: 2/2
   211 | D:1      | Reached XP level 2. HP: 16/16 MP: 3/3
   334 | D:1      | Found Xadil's Weapon Boutique.
   852 | D:2      | Reached XP level 3. HP: 19/19 MP: 4/4
  1066 | D:2      | Gained mutation: Your natural rate of healing is unusually
                  | fast. [Vine Stalker growth]
  1066 | D:2      | Reached XP level 4. HP: 17/23 MP: 5/5
  1394 | D:2      | Found Oqeludett's Jewellery Shop.
  1686 | D:3      | Reached skill level 5 in Short Blades
  1743 | D:3      | Reached XP level 5. HP: 25/25 MP: 6/6
  1895 | D:1      | Bought a +0 dagger of electrocution for 77 gold pieces
  2230 | D:4      | Found a glowing drain.
  2234 | Sewer    | Entered a sewer
  2691 | Sewer    | Reached XP level 6. HP: 28/32 MP: 7/7
  2938 | Sewer    | Reached skill level 3 in Dodging
  3071 | D:4      | Reached XP level 7. HP: 35/35 MP: 8/8
  3224 | D:4      | Noticed Menkaure
  3228 | D:4      | Noticed Natasha
  3253 | D:4      | Killed Menkaure
  3259 | D:4      | Killed Natasha
  3319 | D:4      | Noticed Robin
  3321 | D:4      | Reached skill level 4 in Dodging
  3330 | D:4      | Killed Robin
  3547 | D:4      | Found a runed translucent door.
  3548 | D:4      | Noticed Crazy Yiuf
  3726 | D:4      | Found Sieh's Distillery.
  3731 | D:4      | Bought a potion of resistance for 120 gold pieces
  3731 | D:4      | Bought a potion of flight for 36 gold pieces
  3859 | D:4      | Noticed Natasha
  3900 | D:4      | Killed Natasha
  3973 | D:4      | Noticed Natasha
  3985 | D:4      | Killed Natasha
  4000 | D:4      | Gained mutation: You have razor-sharp teeth. [Vine Stalker
                  | growth]
  4000 | D:4      | Reached XP level 8. HP: 38/39 MP: 9/9
  4086 | D:4      | Found a hide-covered altar of Uskayaw.
  4186 | D:4      | Killed Crazy Yiuf
  4259 | D:5      | Entered Level 5 of the Dungeon
  4261 | D:5      | Noticed Sigmund
  4393 | D:5      | Killed Sigmund
  4394 | D:5      | Reached skill level 5 in Dodging
  4492 | D:5      | Found a staircase to the Ecumenical Temple.
  4514 | Temple   | Entered the Ecumenical Temple
  4864 | Temple   | Became a worshipper of Ru the Awakened
  4887 | Temple   | Gained mutation: You are sensitive to extremes of
                  | temperature. (rF-, rC-) [Ru sacrifice]
  4887 | Temple   | Reached * piety under Ru
  4887 | Temple   | Reached ** piety under Ru
  5069 | D:5      | Found a basalt altar of Yredelemnul.
  5075 | D:5      | Found a shadowy altar of Dithmenos.
  5149 | D:5      | Found Aclu's Specific Store.
  5164 | D:5      | Found Aruongil's General Store.
  5168 | D:5      | Bought a wand of flame (14) for 137 gold pieces
  5285 | D:5      | Reached skill level 6 in Dodging
  5295 | D:5      | Found a snail-covered altar of Cheibriados.
  5531 | D:5      | Reached XP level 9. HP: 38/43 MP: 10/10
  5786 | D:6      | Found a hazy altar of Hepliaklqana.
  5873 | D:6      | Found a bloodstained altar of Trog.
  5959 | D:6      | Noticed Maggie
  5974 | D:6      | Killed Maggie
  6104 | D:6      | Noticed Edmund
  6116 | D:6      | Killed Edmund
  6122 | D:6      | Reached skill level 7 in Dodging
  6560 | D:7      | Gained mutation: You cannot study or use magical devices.
                  | [Ru sacrifice]
  6560 | D:7      | Reached *** piety under Ru
  6560 | D:7      | Reached **** piety under Ru
  7073 | D:8      | Reached skill level 10 in Short Blades
  7083 | D:8      | Found a radiant altar of Vehumet.
  7104 | D:8      | Reached skill level 8 in Dodging
  7104 | D:8      | Reached XP level 10. HP: 45/47 MP: 9/11
  7350 | D:8      | Found a glowing silver altar of Zin.
  7718 | D:9      | Found a white marble altar of Elyvilon.
  7800 | D:9      | Noticed a cyclops
  7812 | D:9      | Killed a cyclops
  7813 | D:9      | Reached skill level 9 in Dodging
  8012 | D:9      | Identified the +3 leather armour of Responsibility {rF+
                  | rCorr Str+4}
  8225 | D:9      | Found a blossoming altar of Fedhas.
  8225 | D:9      | Noticed Erica
  8239 | D:9      | Killed Erica
  8240 | D:9      | Reached skill level 5 in Stealth
  8397 | D:9      | Noticed a two-headed ogre
  8967 | D:9      | Found a blossoming altar of Fedhas.
  9201 | D:9      | Found a white marble altar of Elyvilon.
  9337 | D:9      | Killed a two-headed ogre
  9338 | D:9      | Reached skill level 10 in Dodging
  9608 | D:9      | Reached XP level 11. HP: 40/51 MP: 10/12
  9636 | D:9      | Noticed a four-headed hydra
  9872 | D:10     | Entered Level 10 of the Dungeon
 10026 | D:10     | Found Cijif's Distillery.
 10042 | D:10     | Found Xazoaceph's Book Emporium.
 10131 | D:10     | Noticed Maurice
 10141 | D:10     | Killed Maurice
 10352 | D:10     | Reached skill level 11 in Dodging
 10477 | D:10     | Noticed a two-headed ogre
 10484 | D:10     | Killed a two-headed ogre
 10563 | D:10     | Noticed a manticore
 10567 | D:10     | Killed a manticore
 10679 | D:10     | Found a staircase to the Orcish Mines.
 10842 | D:10     | Noticed Harold
 10853 | D:10     | Killed Harold
 10916 | Orc:1    | Entered Level 1 of the Orcish Mines
 10916 | Orc:1    | Noticed a cyclops
 10971 | D:10     | Killed a cyclops
 10982 | Orc:1    | Noticed an orc knight
 11248 | D:10     | Reached skill level 1 in Spellcasting
 11408 | Orc:1    | Found a runed translucent gate.
 11409 | Orc:1    | Found a runed translucent gate.
 11410 | Orc:1    | Found a runed translucent gate.
 11410 | Orc:1    | Noticed an orc sorcerer
 11411 | Orc:1    | Noticed an orc knight
 11505 | Orc:1    | Noticed Seafoe's ghost (journeyman MiBe)
 11837 | Orc:2    | Entered Level 2 of the Orcish Mines
 11997 | D:11     | Noticed a manticore
 12013 | D:11     | Killed a manticore
 12014 | D:11     | Reached XP level 12. HP: 19/56 MP: 0/17
 12193 | D:11     | Reached skill level 12 in Dodging
 12246 | D:11     | Noticed a boulder beetle
 12258 | D:11     | Killed a boulder beetle
 12259 | D:11     | Reached skill level 10 in Stealth
 12372 | D:11     | Identified the +3 cloak "Qiomocs" {Harm rElec}
 12861 | D:11     | Found a staircase to the Lair.
 12890 | D:11     | Noticed Nergalle
 13070 | D:11     | Killed Nergalle
 13378 | D:11     | Gained mutation: You are missing a hand. [Ru sacrifice]
 13378 | D:11     | Reached ***** piety under Ru
 13378 | D:11     | Reached ****** piety under Ru
 13472 | Lair:1   | Entered Level 1 of the Lair of Beasts
 13886 | Lair:1   | Reached skill level 5 in Spellcasting
 13951 | Lair:1   | Identified the +4 falchion "Lifebane" {protect, rF++ rC-
                  | Int+7}
 14249 | Lair:1   | Learned a level 4 spell: Olgreb's Toxic Radiance
 14329 | Lair:2   | Reached skill level 1 in Poison Magic
 14416 | Lair:2   | Noticed a five-headed hydra
 14425 | Lair:2   | Killed a five-headed hydra
 14434 | Lair:2   | Found a runed translucent gate.
 14434 | Lair:2   | Found a runed translucent gate.
 14434 | Lair:2   | Found a runed translucent gate.
 14454 | Lair:2   | Reached XP level 13. HP: 63/63 MP: 22/22
 14632 | Lair:2   | Found a staircase to the Shoals.
 14658 | Lair:2   | Learned a level 3 spell: Ignite Poison
 14773 | Lair:2   | Reached skill level 13 in Dodging
 14798 | Lair:2   | Reached skill level 5 in Fighting
 14824 | Lair:2   | Found a hole to the Spider Nest.
 14961 | Lair:2   | Noticed Jackthecabe's ghost (journeyman TeAE)
 15207 | Lair:2   | Identified the +7 falchion of Pehonwec {drain, Contam
                  | +Blink Str-2 Dex+8}
 15338 | Lair:2   | Noticed a minotaur
 15609 | Lair:3   | Reached XP level 14. HP: 70/70 MP: 23/25
 15805 | Lair:3   | Reached skill level 5 in Poison Magic
 18071 | Lair:5   | Entered Level 5 of the Lair of Beasts
 18076 | Lair:5   | Found a staircase to the Slime Pits.
 18077 | Lair:5   | Found a viscous altar of Jiyva.
 18938 | Lair:5   | Reached skill level 14 in Dodging
 19154 | Lair:5   | Reached XP level 15. HP: 74/75 MP: 28/28
 19873 | Lair:5   | Reached skill level 15 in Dodging
 19889 | Lair:5   | Found a corrupted altar of Lugonu.
 19889 | Lair:5   | Found a one-way gate to the infinite horrors of the Abyss.
 20336 | D:9      | Gained mutation: You occasionally lose the ability to drink
                  | potions when taking damage. [a shining eye]
 20381 | D:9      | Lost mutation: You occasionally lose the ability to drink
                  | potions when taking damage. [potion of mutation]
 20381 | D:9      | Gained mutation: You are dopey. (Int -2) [potion of
                  | mutation]
 20381 | D:9      | Gained mutation: You are partially covered in iridescent
                  | scales. (AC +2) [potion of mutation]
 20540 | Orc:2    | Found a staircase to the Elven Halls.
 21076 | Orc:2    | Found Naalyif's Antique Weapon Boutique.
 21076 | Orc:2    | Found Qicriv's Antique Armour Boutique.
 21077 | Orc:2    | Found Fogupp Pihy's Assorted Antiques.
 21081 | Orc:2    | Found Xunymu's Distillery.
 21105 | Orc:2    | Bought a translucent ring mail for 306 gold pieces
 21105 | Orc:2    | Identified the +4 ring mail of Stoicism {Dex+7} (You bought
                  | it in a shop on level 2 of the Orcish Mines)
 21105 | Orc:2    | Bought an embroidered cloak for 255 gold pieces
 21129 | Orc:2    | Bought a smoking amethyst amulet for 145 gold pieces
 21129 | Orc:2    | Identified the amulet "Iroubb" {Harm Regen+ SInv} (You
                  | bought it in a shop on level 2 of the Orcish Mines)
 21129 | Orc:2    | Bought a scroll labelled BISTUOCSIGGO for 29 gold pieces
 21129 | Orc:2    | Bought a scroll labelled FOCSOA TIKECODGH for 29 gold
                  | pieces
 21129 | Orc:2    | Bought a scroll labelled QAOLA ISYMA for 29 gold pieces
 21460 | Elf:1    | Entered Level 1 of the Elven Halls
 21560 | Elf:1    | Noticed a deep elf elementalist
 21563 | Elf:1    | Reached skill level 1 in Armour
 21568 | Elf:1    | Killed a deep elf elementalist
 21821 | Elf:1    | Found Malepn's Armour Emporium.
 22201 | Spider:1 | Entered Level 1 of the Spider Nest
 22449 | Spider:1 | Reached skill level 16 in Dodging
 22732 | Spider:1 | Reached XP level 16. HP: 81/81 MP: 29/29
 22804 | Spider:1 | Reached skill level 15 in Stealth
 24457 | Spider:2 | Identified the +4 mace of Causality {elec, rN+ Will- Int+8}
 25596 | Spider:3 | Reached XP level 17. HP: 46/87 MP: 0/30
 25601 | Spider:3 | HP: 4/87 [poisoned by a redback]
 26289 | Spider:4 | Entered Level 4 of the Spider Nest
 27379 | Spider:4 | Reached skill level 17 in Dodging
 27473 | Spider:4 | Noticed Arachne
 27599 | Spider:4 | Killed Arachne
 28156 | Spider:4 | Identified the +2 hat of the Flute {rPois rC- rCorr Str+9}
 28160 | Spider:4 | Got a gossamer rune of Zot
 28711 | Elf:1    | Found Ikuewn's Book Shop.
 28835 | Elf:1    | Found Netzeuli's General Store.
 28842 | Elf:1    | Bought a scroll of brand weapon for 152 gold pieces
 29135 | Elf:1    | Found Ihit Pau's Antique Weapon Shoppe.
 29238 | Elf:1    | Reached XP level 18. HP: 83/92 MP: 31/31
 29809 | Elf:2    | Reached skill level 10 in Poison Magic
 29815 | Elf:2    | Found a runed translucent gate.
 29816 | Elf:2    | Found a runed translucent gate.
 29846 | Elf:2    | Found a runed translucent gate.
 29846 | Elf:2    | Found a runed translucent gate.
 29847 | Elf:2    | Found a runed translucent gate.
 29848 | Elf:2    | Noticed Xeridop's ghost (adept HOCK)
 30073 | Elf:2    | Killed Xeridop's ghost
 30420 | Elf:2    | Found Anniefra's Distillery.
 30493 | Elf:2    | Found Aneruodd's Jewellery Shoppe.
 30664 | Elf:2    | Found a runed translucent gate.
 30725 | Elf:3    | Entered Level 3 of the Elven Halls
 30750 | Elf:3    | Found Vuopner's Firing Range.
 30758 | Elf:3    | Bought a throwing net for 48 gold pieces
 30758 | Elf:3    | Bought a throwing net for 48 gold pieces
 30758 | Elf:3    | Bought a throwing net for 48 gold pieces
 30874 | Elf:3    | Found a flickering gateway to a bazaar.
 30888 | Bazaar   | Entered a bazaar
 30892 | Bazaar   | Found Ehecey's Jewellery Boutique.
 30914 | Bazaar   | Found Hathiek's Armour Emporium.
 30935 | Bazaar   | Found Kuluffyryi's Book Boutique.
 30955 | Bazaar   | Found Cuirogon's Antique Weapon Shoppe.
 32159 | Elf:3    | Found Vuopner's Firing Range.
 32873 | Elf:3    | Identified the +8 falchion of Gallantry {vorpal, Int+5}
 33099 | Elf:3    | Identified the +10 glaive of Tapa {vorpal, Fly rF++ rN++}
 33101 | Elf:3    | Noticed a deep elf blademaster
 33102 | Elf:3    | Identified the +1 robe of Weirdness {rF+ rC+++ Regen+
                  | Int-3}
 33122 | Elf:3    | Killed a deep elf blademaster
 33124 | Elf:3    | Killed a ghostly deep elf blademaster
 33125 | Elf:3    | Reached skill level 10 in Fighting
 33620 | Elf:3    | Noticed a deep elf blademaster
 33651 | Elf:3    | Identified the +8 chain mail "Neseaf" {+Blink +Inv rPois
                  | Stlth+}
 33668 | Elf:3    | Noticed a deep elf master archer
 33683 | Elf:3    | Killed a deep elf master archer
 33867 | Elf:3    | Identified the +0 buckler of Duty {rC+ rCorr Int-2 SInv}
 34033 | Elf:3    | Identified the +4 shortbow of Cataclysm {elec, Int+2}
 34034 | Elf:3    | Identified the +1 buckler of Sunlight {rPois Str+2 Int+3
                  | Stlth+}
 34247 | Elf:3    | Killed a deep elf blademaster
 34308 | Elf:3    | Reached skill level 10 in Spellcasting
 34346 | Elf:3    | Got the Octavo of Transposition
 34370 | Elf:3    | Got the Opusculum on Ruinous Accomplices
 34382 | Elf:3    | Identified the +6 shortbow "Nuir" {elec, rF- Dex+6}
 34491 | Elf:3    | Identified the +6 arbalest of Victory {freeze, Stlth+}
 34880 | Shoals:1 | Entered Level 1 of the Shoals
 35858 | Shoals:2 | Noticed Roxanne
 35911 | Shoals:2 | Noticed Ilsuiw
 35989 | Shoals:2 | Noticed Donald
 35996 | Shoals:2 | Killed Donald
 35997 | Shoals:2 | Reached XP level 19. HP: 100/100 MP: 34/34
 37260 | Shoals:2 | Killed Ilsuiw
 37261 | Shoals:2 | Reached skill level 1 in Throwing
 38013 | Shoals:3 | Noticed Nikola
 38133 | Shoals:3 | Killed Nikola
 38134 | Shoals:3 | Reached skill level 18 in Dodging
 38205 | Shoals:3 | Identified the +0 ring mail of Inaction {rPois rN++ SInv
                  | Stlth-}
 38403 | Shoals:3 | Noticed Polyphemus
 38582 | Shoals:3 | Killed Polyphemus
 38672 | Shoals:3 | Identified the +1 ring mail of Awe {rN+}
 39037 | Shoals:4 | Entered Level 4 of the Shoals
 39076 | Shoals:4 | Got Direx's Atlas of Dynamic Pollution
 39359 | Shoals:4 | Reached skill level 5 in Throwing
 39369 | Shoals:4 | Got a barnacled rune of Zot
 40142 | Lair:2   | Killed Jackthecabe's ghost
 41880 | D:14     | Noticed Rupert
 41925 | D:14     | Killed Rupert
 41979 | D:14     | Found a gate to the Vaults.
 42029 | D:14     | Reached XP level 20. HP: 99/107 MP: 32/35
 42061 | D:14     | Noticed Louise
 42075 | D:14     | Killed Louise
 42212 | D:14     | Reached skill level 19 in Dodging
 42361 | D:15     | Entered Level 15 of the Dungeon
 42625 | D:15     | Found a staircase to the Depths.
 42993 | D:15     | Found a shimmering altar of Xom.
 43314 | Depths:1 | Entered Level 1 of the Depths
 43567 | Depths:1 | Noticed a juggernaut
 43609 | D:15     | Killed a juggernaut
 43917 | Depths:1 | Identified the +11 battleaxe "Soibb" {vorpal, Dex+4}
 43920 | Depths:1 | Noticed a caustic shrike
 43926 | Depths:1 | Killed a caustic shrike
 43947 | Depths:1 | Identified the +0 battleaxe of Lorecsey {venom, +Blink
                  | rPois Int+6}
 44068 | Depths:1 | Reached skill level 10 in Throwing
 44530 | Depths:1 | Found a gateway to Hell.
 44913 | Depths:2 | Found a one-way gate leading to the halls of Pandemonium.
 45033 | Vaults:1 | Entered Level 1 of the Vaults
 45219 | Vaults:1 | Reached skill level 20 in Dodging
 45275 | Vaults:1 | Reached XP level 21. HP: 111/111 MP: 36/36
 46476 | Vaults:2 | Noticed Aizul
 46482 | Vaults:2 | Aizul changed into Aizul the glowing shapeshifter
 46610 | Vaults:2 | Noticed Asterion
 46619 | Vaults:2 | Killed Asterion
 46960 | Vaults:2 | Found Eneaduah's Antique Armour Emporium.
 46965 | Vaults:2 | Bought a dull robe for 165 gold pieces
 46965 | Vaults:2 | Identified the +0 robe of Udoxear {Will+ Dex+4} (You bought
                  | it in a shop on level 2 of the Vaults)
 47095 | Vaults:2 | You are sucked into a shaft and drop 1 floor!
 47540 | Vaults:3 | Identified the +5 battleaxe "Bifiate" {pain, rC+}
 47735 | Vaults:3 | Found a staircase to the Crypt.
 47735 | Vaults:3 | Found a basalt altar of Yredelemnul.
 47752 | Vaults:3 | Found an ancient bone altar of Kikubaaqudgha.
 47977 | Vaults:3 | Reached skill level 21 in Dodging
 48251 | Vaults:3 | HP: 2/87 [vault warden/+2 great mace of draining (13)]
 48789 | Vaults:3 | Reached XP level 22. HP: 96/97 MP: 37/37
 49197 | Vaults:3 | Identified the +0 scale mail of Sloth {Will+ Str+3 Int+2
                  | Stlth+}
 49895 | Vaults:4 | Paralysed by a great orb of eyes for 3 turns
 50171 | Vaults:4 | Identified the +5 short sword "Quroc" {flame, Str+4}
 50968 | Vaults:5 | Entered Level 5 of the Vaults
 51370 | Vaults:4 | Reached skill level 15 in Throwing
 51669 | Vaults:5 | Paralysed by a sphinx for 4 turns
 51710 | Vaults:5 | HP: 5/115 [deep troll earth mage/blast of metal fragments
                  | (7)]
 51794 | Vaults:5 | Reached skill level 22 in Dodging
 52105 | Vaults:5 | Noticed a dread lich
 52238 | Vaults:5 | Killed a dread lich
 52691 | Vaults:5 | Reached XP level 23. HP: 82/119 MP: 38/38
 53095 | Vaults:5 | Identified the amulet "Votuzeamm" {Acrobat rN+++ Str-4
                  | Int-3 SInv}
 53238 | Vaults:5 | Got a silver rune of Zot
 53245 | Vaults:5 | Identified the +1 leather armour of the Disbelieving Gods
                  | {Regen+ Dex+2}
 53462 | Vaults:5 | Noticed a golden dragon
 53483 | Vaults:5 | Killed a golden dragon
 53505 | Vaults:5 | Identified the +0 robe of Feddis {Regen+ rCorr}
 53589 | Vaults:5 | Identified the +1 pair of boots "Rit Bema" {rN+}
 54691 | Crypt:1  | Entered Level 1 of the Crypt
 56705 | Crypt:2  | Noticed a royal mummy
 56745 | Crypt:2  | Noticed Khufu
 56745 | Crypt:2  | Noticed a royal mummy
 56799 | Crypt:2  | Identified the ring "Uduixt" {Ice rElec Str+5 Dex-2 Stlth+}
 56799 | Crypt:2  | Noticed Josephina
 56816 | Crypt:2  | HP: 6/123 [Josephina/staff of cold (24)]
 56816 | Crypt:2  | HP: 2/123 [Josephina/staff of cold (4)]
 56900 | Crypt:2  | Killed Josephina
 57506 | D:2      | Bought a +6 ring of dexterity for 504 gold pieces
 57851 | Crypt:3  | Entered Level 3 of the Crypt
 58192 | Crypt:2  | Killed a royal mummy
 58262 | Crypt:2  | Killed Khufu
 58276 | Crypt:2  | Killed a royal mummy
 58383 | Crypt:2  | Noticed Frederick
 58507 | Crypt:1  | Reached skill level 15 in Fighting
 58507 | Crypt:1  | Reached XP level 24. HP: 105/119 MP: 40/40
 58530 | Crypt:2  | Killed Frederick
 59642 | Crypt:3  | Found an ancient bone altar of Kikubaaqudgha.
 59902 | Crypt:3  | Noticed Zenata
 60316 | Crypt:3  | Killed Zenata
 60492 | Crypt:3  | HP: 3/117 [profane servitor/+1 whip of distortion (11)]
 60492 | Crypt:3  | Slain by a profane servitor

Illustrated notes

Levels and vault maps discovered:
D:1:      mrwooster_arrival_statue_2, layout_basic, serial_shops, shop
D:2:      layout_loops_cross, serial_shops, shop, serial_park_tiny_2
D:3:      layout_rooms
D:4:      layout_basic, lemuel_doored_altar, serial_demonic, serial_demonic_e,
          serial_demonic_c, serial_demonic_g, serial_demonic_f,
          gup_sewer_entry_bowl, serial_shops, shop, uniq_crazy_yiuf_cottage,
          uniq_robin, uniq_natasha, uniq_menkaure
D:5:      layout_cave_pools, mainiacjoe_overflow_cross_hatched,
          mainiacjoe_overflow_catch_the_wave,
          minmay_temple_entry_statues_pillars, nicolae_specific_store,
          hex_medium, uniq_sigmund
D:6:      nicolae_BIG_FREAKIN_CUBE, layout_gridville, lemuel_tele_altar,
          mainiacjoe_overflow_alcove_1, uniq_edmund, uniq_maggie
D:7:      layout_rooms
D:8:      layout_basic, zin_treasury, nicolae_vehumet_radiance
D:9:      minmay_slanted_spiral_squares, layout_loops_ring, pf_just_have_faith,
          old_standard_altar, kennysheep_generic_room_16, uniq_erica
D:10:     layout_roguey, orc_0_dummy, serial_shops, shop, nicolae_shop_stone,
          minmay_strange_pillars, grunt_ministairs_9, uniq_harold, uniq_maurice
D:11:     layout_cave_pods, erik_lair_orcish_takeover,
          amcnicky_mini_rare_corridor_liquid, uniq_nergalle
D:12:     layout_roguey [special_room_bee]
D:13:     layout_rooms
D:14:     layout_gridville, david_vaults_3, kennysheep_path_1, st_stairs_6,
          uniq_louise
D:15:     hangedman_depths_entry_civil_slaughter, layout_stronghold,
          xom_confusion_cloud
Temple:   minmay_temple_forest_path
Lair:1:   layout_loops_ring, beast_lair_carwin_5
Lair:2:   layout_roguey, shoals_dummy_entry, nicolae_spider_entry_tight_spaces,
          maelrawn_ghost_gauntlet_escape, dreamdust_mushroom_princess
Lair:3:   layout_chaotic_city, minivault_26
Lair:4:   layout_loops_ring, minivault_24
Lair:5:   hellmonk_lair_end_abyssal_woods, layout_cave_pods,
          nicolae_slime_entry_slimehenge
Shoals:1: cheibrodos_shoals_baths, layout_shoals,
          nicolae_shoals_dead_sea_scrolls
Shoals:2: layout_shoals, uniq_roxanne, uniq_ilsuiw, uniq_donald
Shoals:3: layout_shoals, uniq_polyphemus, uniq_nikola
Shoals:4: shoals_end_simple, layout_shoals
Spider:1: layout_cave_pods, hangedman_spider_tarantella_strand
Spider:2: layout_cave_pods, worms_lemuel
Spider:3: layout_spider_delve, nicolae_spider_cling_halls
Spider:4: hellmonk_spider_rune_endless_swarm, uniq_arachne
Orc:1:    layout_caves, gammafunk_ghost_split
Orc:2:    st_orc_mages, layout_caves
Elf:1:    eino_elf_arrival_sip, layout_geoelf_octagon, serial_shops,
          nicolae_shop_hallway_plus, shop_fountains, nicolae_shop_waterfront,
          shop, hangedman_corner_corridor
Elf:2:    nicolae_elf_blades_crystal_corner, layout_loops_corners, serial_shops,
          shop, shop, ebering_ghost_rock_garden
Elf:3:    minmay_elf_hall_not_hex, layout_geoelf_octagon, serial_shops,
          bzr_entry_gold, nicolae_shop_firing_range
Vaults:1: vaults_standard_mumra_enter_the_diamond, hangedman_vaults_maws,
          ontoclasm_vaults_hangar, nicolae_vaults_network_square, v_rooms_4,
          v_misc_13, nicolae_vaults_alarming, nicolae_vaults_specimen_jars,
          hangedman_vaults_nails, layout_vaults_omnigrid
Vaults:2: v_misc_22, nicolae_vaults_angled_halls, vaults_dpeg_diagonal,
          hangedman_vaults_slither, ontoclasm_vaults_ring_small,
          nicolae_vaults_shelves_hall, nicolae_vaults_display_case,
          layout_vaults_omnicross, serial_shops, shop, uniq_aizul, uniq_asterion
Vaults:3: v_rooms_1, minmay_crypt_entry_necro_gods, dpeg_vaults_monster_box,
          st_more_cells, ontoclasm_vaults_idyll,
          nicolae_vaults_stairing_the_circle, grunt_vaults_funnel,
          nicolae_vaults_border_crossing, v_misc_33, vaults_room_large_hall,
          hangedman_vaults_stretched_pinwheel, ontoclasm_vaults_twist,
          vaults_room_door_ring, vaults_room_hallway,
          nicolae_vaults_diagonal_hallway_9, vaults_dpeg_emergency_exit,
          nicolae_vaults_shelves_hall, layout_vaults_ring
Vaults:4: v_alt_pattern_3, ontoclasm_vaults_pinch, v_alt_pattern_3,
          vaults_room_ringed_pool, v_alt_pattern_1, ontoclasm_vaults_fault,
          vaults_room_boxed, nicolae_vaults_little_squares_6,
          grunt_vaults_bifocal, v_misc_1, nicolae_vaults_little_squares_4,
          hangedman_vaults_variations, vaults_room_pool,
          hangedman_vaults_impose, vaults_standard_mumra_x, layout_vaults_maze
Vaults:5
Crypt:1:  layout_basic, serial_sigils_hangedman_scratch,
          nicolae_crypt_ancient_font, small_chamber_with_monster,
          minicrypt_bobbens, grunt_crypt_arrival_webbed, grunt_megastairs_3
Crypt:2:  layout_catacombs, st_stairs_8, minmay_misc_feat_rows, uniq_josephina,
          uniq_khufu, uniq_frederick
Crypt:3:  grunt_crypt_end_deaths_head, uniq_zenata
Depths:1: layout_gridlike, pf_coc_iceberg, nicolae_water_bricks,
          minmay_swirly_circle
Depths:2: evilmike_diamond_2, layout_long_grid, enter_ziggurat_d, pan_entry,
          minmay_misc_feat_encased, grunt_hell_entry_demonic_statue,
          kennysheep_generic_room_6, minmay_staircase_windowed_small

Skill      XL: |  1  2  3  4  5  6  7  8  9 10 11 12 13 14 15 16 17 18 19 20 21 22 23 24 |
---------------+-------------------------------------------------------------------------+-----
Short Blades   | 3 4 5 6 7 8 10 11 | 11.5
Dodging        | 3 4 6 8 10 11 12 13 14 16 17 18 20 21 22 | 22.4
Stealth        | 7 9 12 14 18 19 | 19.0
Spellcasting   | 2 5 7 8 10 12 | 12.2
Fighting       | 4 6 7 8 9 11 12 15 16 | 16.2
Poison Magic   | 1 4 6 9 10 | 10.0
Armour         | 3 |  3.0
Throwing       | 7 10 13 15 16 | 16.0

Action                   |  1- 3 |  4- 6 |  7- 9 | 10-12 | 13-15 | 16-18 | 19-21 | 22-24 || total
-------------------------+-------+-------+-------+-------+-------+-------+-------+-------++-------
Melee: Short sword       |    80 |    78 |       |       |       |       |       |       ||   158
       Bite              |    13 |    53 |    98 |   264 |   552 |   793 |   947 |  1394 ||  4114
       Punch             |     1 |     2 |     4 |    17 |       |       |       |       ||    24
       Dagger            |       |   197 |   310 |   720 |  1193 |  1635 |  1803 |  2375 ||  8233
Throw: Boomerang         |       |       |       |       |       |       |     6 |       ||     6
 Cast: Olgreb's Toxic Ra |       |       |       |       |       |    54 |    59 |     3 ||   116
       Ignite Poison     |       |       |       |       |       |     7 |    18 |       ||    25
Invok: Sacrifice Resista |       |       |     1 |       |       |       |       |       ||     1
       Power Leap        |       |       |     1 |    14 |     7 |    11 |     4 |     7 ||    44
       Sacrifice Artific |       |       |     1 |       |       |       |       |       ||     1
       Reject Sacrifices |       |       |       |     1 |       |       |       |       ||     1
       Sacrifice a Hand  |       |       |       |     1 |       |       |       |       ||     1
       Apocalypse        |       |       |       |       |     2 |     7 |     7 |     6 ||    22
       Draw Out Power    |       |       |       |       |     1 |     4 |     3 |     3 ||    11
Evoke: Wand              |       |       |    12 |       |       |       |       |       ||    12
  Use: Scroll            |       |    13 |     2 |     4 |    12 |    11 |     4 |    13 ||    59
       Potion            |       |       |       |       |     3 |     1 |       |       ||     4
 Stab: Sleeping          |     6 |     4 |     4 |    11 |    33 |    44 |    84 |    49 ||   235
       Distracted        |       |       |     2 |     9 |    14 |    31 |    27 |    27 ||   110
       Invisible         |       |       |       |     9 |    10 |    20 |    16 |    14 ||    69
       Paralysed         |       |       |       |       |     5 |     8 |    15 |    11 ||    39
       Petrifying        |       |       |       |       |       |       |     3 |     1 ||     4
       Confused          |       |       |       |       |       |       |    12 |    22 ||    34
Armor: Robe              |     7 |    62 |    31 |    15 |    10 |     4 |   147 |   140 ||   416
       Leather armour    |       |       |       |    14 |       |       |       |       ||    14
       Troll leather arm |       |       |       |    29 |    54 |       |       |       ||    83
       Ring mail         |       |       |       |       |    19 |   289 |       |    21 ||   329
Dodge: Dodged            |    40 |   229 |   146 |   412 |   706 |  1375 |  1307 |  1802 ||  6017

Table legend: (Time is in decaauts)
 A = Elapsed time spent in this place.
 B = Non-inter-level travel time spent in this place.
 C = Inter-level travel time spent in this place.
 D = Time resting spent in this place.
 E = Time spent auto-exploring this place.
 F = Levels seen in this place.
 G = Mean time per level.
                   A        B        C        D        E       F      G
               +--------+--------+--------+--------+--------+-----+--------+
         Total |  56666 |  51156 |   5510 |   6467 |  28077 |  46 | 1231.9 |
       Dungeon |  16059 |  13225 |   2834 |   1231 |   8571 |  15 | 1070.6 |
        Temple |    392 |    333 |     59 |      0 |    312 |   1 |  392.0 |
          Lair |   6766 |   6002 |    764 |    136 |   4256 |   5 | 1353.2 |
        Shoals |   3912 |   3668 |    244 |    164 |   2347 |   4 |  978.0 |
   Spider Nest |   5763 |   5435 |    328 |   1103 |   2305 |   4 | 1440.8 |
  Orcish Mines |   1531 |   1377 |    154 |     91 |    768 |   2 |  765.5 |
   Elven Halls |   6378 |   6035 |    343 |   1608 |   2479 |   3 | 2126.0 |
        Vaults |   9028 |   8479 |    549 |    904 |   4459 |   5 | 1805.6 |
         Crypt |   4511 |   4333 |    178 |    716 |   1749 |   3 | 1503.7 |
        Depths |   1410 |   1356 |     54 |    168 |    658 |   2 |  705.0 |
        Bazaar |    148 |    148 |      0 |      0 |     85 |   1 |  148.0 |
         Sewer |    762 |    762 |      0 |    344 |     87 |   1 |  762.0 |
               +--------+--------+--------+--------+--------+-----+--------+

Top non-repeatable levels by time:
   Elf:3: 3655 daAuts
Vaults:5: 2954 daAuts
     D:9: 2526 daAuts
Spider:2: 2069 daAuts
Vaults:3: 2057 daAuts
 Crypt:2: 1934 daAuts
    D:10: 1912 daAuts
 Crypt:1: 1814 daAuts
  Lair:5: 1761 daAuts
    D:11: 1743 daAuts
Vaults:4: 1649 daAuts
  Lair:2: 1647 daAuts
  Lair:4: 1615 daAuts
     D:4: 1604 daAuts
   Elf:1: 1530 daAuts
